 Dungeon Crawl Stone Soup version 0.22.1-1-ga44c0e5 (webtiles) character file.

1488 HammerPanzer the Carver (level 8, -2/109 HPs)
             Began as a White Draconian Berserker on Nov 3, 2018.
             Was an Elder of Trog.
             Slain by an orc warrior
             ... wielding a +0 halberd
              (20 damage)
             ... on level 7 of the Dungeon.
             The game lasted 00:17:51 (6200 turns).

HammerPanzer the Carver (White Draconian Berserker) Turns: 6200, Time: 00:17:52

Health: -2/109     AC:  8    Str: 27    XL:     8   Next: 51%
Magic:  8/8        EV: 12    Int:  8    God:    Trog [****..]
Gold:   295        SH:  0    Dex: 10    Spells: 7/7 levels left

rFire    . . .     SeeInvis +   r - +0 great sword
rCold    + . .     Gourm    .   (shield currently unavailable)
rNeg     . . .     Faith    .   (armour unavailable)
rPois    +         Spirit   .   (helmet restricted)
rElec    .         Reflect  .   e - +0 cloak
rCorr    .         Harm     .   v - +0 pair of gloves
MR       .....                  (no boots)
Stlth    ..........             (no amulet)
HPRegen  0.28/turn              m - ring of see invisible
MPRegen  0.11/turn              i - ring of poison resistance

@: berserking, very quick
A: breathe frost, unfitting armour, cold resistance 1, cold-blooded, AC +6
a: Breathe Frost, Berserk, Trog's Hand, Brothers in Arms, Renounce Religion


You were on level 7 of the Dungeon.
You worshipped Trog.
Trog was greatly pleased with you.
You were hungry.

You visited 1 branch of the dungeon, and saw 7 of its levels.

You collected 295 gold pieces.

Inventory:

Hand Weapons
 r - a +0 great sword (weapon)
Armour
 e - a +0 cloak (worn)
 v - a +0 pair of gloves (worn)
Jewellery
 g - an uncursed ring of resist corrosion
 i - a ring of poison resistance (right hand)
 m - a ring of see invisible (left hand)
 p - an uncursed ring of stealth {unknown}
 t - a +5 ring of dexterity {unknown}
 x - a +4 ring of intelligence {unknown}
Wands
 y - a wand of disintegration (23)
Scrolls
 a - a scroll of blinking
 f - 2 scrolls of identify
 h - 5 scrolls of remove curse
 k - a scroll of fear
 l - a scroll of enchant armour
 s - 3 scrolls of teleportation
 w - a scroll of enchant weapon
Potions
 c - a potion of heal wounds
 d - 2 potions of agility
 j - a potion of brilliance
 n - a potion of invisibility
 o - 3 potions of lignification
 q - a potion of might
 u - a potion of haste {unknown}
 z - a potion of flight {unknown}
Comestibles
 b - 9 rations


   Skills:
 + Level 7.4 Fighting
 * Level 9.2 Long Blades
 - Level 3.0 Dodging


You had 7 spell levels left.
You didn't know any spells.
Your spell library was empty.

Dungeon Overview and Level Annotations

Branches:
Dungeon (7/15)             Temple (0/1) D:5

Altars:
Elyvilon
Fedhas
Makhleb
Qazlal
Sif Muna
Trog


Innate Abilities, Weirdness & Mutations

You can breathe waves of freezing cold.
You can buffet flying creatures when you breathe cold.
Your icy white scales are hard. (AC +6)
You cannot fit into any form of body armour.
Your flesh is cold resistant. (rC+)
You are cold-blooded and may be slowed by cold attacks.


Message History

The orc warrior is moderately wounded.
The orc warrior hits you with a halberd.
You hit the orc warrior but do no damage.
The orc warrior is moderately wounded.
The orc warrior hits you with a halberd!
* * * LOW HITPOINT WARNING * * *
A red film seems to cover your vision as you go berserk!
You feel yourself moving faster!
You feel mighty!
You are feeling hungry.
The orc warrior closely misses you.
You closely miss the orc warrior.
The orc warrior is moderately wounded.
You barely miss the orc warrior.
The orc warrior is moderately wounded.
The orc warrior hits you with a halberd.
* * * LOW HITPOINT WARNING * * *
You hit the orc warrior.
Your tail-slap misses the orc warrior.
The orc warrior is heavily wounded.
The orc warrior hits you with a halberd!!
You die...

##....### .......
#...... # . #.....#.#
..##.....#.#
........... #....o##
#...@).##.#
#......##.#
#......##.#
#......##.#
#####...#.# #######
######.#.#.# ##......
.........#.# ##.......
.........#.###........
...........##.........


You could see an orc warrior.

Vanquished Creatures
  The ghost of ThisFiasco the Sneak, an amateur SpEn (D:3)
  An ice beast (D:7)
  A necrophage (D:3)
  An ogre (D:7)
  A centaur (D:6)
  A bullfrog (D:7)
  A scorpion (D:5)
  2 crimson imps
  A bullfrog zombie (D:5)
  A hound (D:4)
  2 bullfrog skeletons
  6 orc priests
  3 orc wizards
  Jessica (D:2)
  A centaur skeleton (D:6)
  Terence (D:3)
  6 worker ants
  2 hound skeletons
  3 gnolls (D:2)
  7 adders
  A shadow imp (D:7)
  An ooze (D:1)
  2 adder zombies (D:3)
  3 worms
  4 dart slugs
  2 leopard geckos
  16 orcs
  11 bats
  7 giant cockroaches
  10 goblins
  7 hobgoblins
  11 jackals
  7 quokkas
  A ball python (D:7)
  4 frilled lizards
  3 kobolds
  2 leopard gecko skeletons (D:4)
  6 rats
141 creatures vanquished.

Notes
Turn   | Place    | Note
-------+----------+-------------------------------------------
     0 | D:1      | HammerPanzer the Draconian Berserker began the quest for
                  | the Orb.
     0 | D:1      | Reached XP level 1. HP: 19/19 MP: 1/1
   198 | D:1      | Reached XP level 2. HP: 26/26 MP: 2/2
   502 | D:1      | Reached XP level 3. HP: 33/33 MP: 3/3
   543 | D:2      | Reached ** piety under Trog
   544 | D:2      | Found a stormy altar of Qazlal.
   730 | D:2      | Reached skill level 4 in Long Blades
   878 | D:2      | Reached XP level 4. HP: 40/40 MP: 4/4
  1027 | D:2      | Found a blossoming altar of Fedhas.
  1196 | D:2      | Noticed Jessica
  1202 | D:2      | Killed Jessica
  1581 | D:3      | Noticed a necrophage
  1596 | D:3      | Reached XP level 5. HP: 41/47 MP: 5/5
  1624 | D:3      | Noticed Terence
  1630 | D:3      | Killed Terence
  1630 | D:3      | Reached skill level 5 in Long Blades
  2016 | D:3      | Found a transporter.
  2023 | D:3      | Found a transporter.
  2027 | D:3      | Noticed ThisFiasco's ghost (amateur SpEn)
  2107 | D:3      | Reached *** piety under Trog
  2107 | D:3      | Reached XP level 6. HP: 49/55 MP: 6/6
  2114 | D:3      | Reached skill level 5 in Fighting
  2125 | D:3      | Found a faded altar of an unknown god.
  2232 | D:3      | Found a bloodstained altar of Trog.
  2232 | D:3      | Found a deep blue altar of Sif Muna.
  2238 | D:3      | Found a burning altar of Makhleb.
  2240 | D:3      | Found a white marble altar of Elyvilon.
  2242 | D:3      | Found a faded altar of an unknown god.
  2445 | D:3      | Reached skill level 6 in Long Blades
  2470 | D:3      | HP: 1/56 [ThisFiasco's ghost (9)]
  2473 | D:3      | Killed ThisFiasco's ghost
  2835 | D:4      | Your scales start taking on an icy white colour.
  2835 | D:4      | Reached XP level 7. HP: 43/62 MP: 7/7
  2835 | D:4      | Gained mutation: Your flesh is cold resistant. (rC+) [White
                  | Draconian growth]
  3043 | D:4      | Reached skill level 7 in Long Blades
  3898 | D:4      | Found a burning altar of Makhleb.
  4197 | D:5      | Entered Level 5 of the Dungeon
  4533 | D:5      | Reached **** piety under Trog
  4543 | D:5      | Found a staircase to the Ecumenical Temple.
  4555 | D:5      | Reached skill level 8 in Long Blades
  4557 | D:5      | Reached XP level 8. HP: 62/71 MP: 8/8
  5957 | D:7      | Reached skill level 9 in Long Blades
  6200 | D:7      | Slain by an orc warrior

Skill      XL: |  1  2  3  4  5  6  7  8 |
---------------+-------------------------+-----
Dodging        | 3 |  3.0
Long Blades    | 4 5 6 8 9 |  9.2
Fighting       | 4 5 6 7 |  7.4

Action                   |  1- 3 |  4- 6 |  7- 9 || total
-------------------------+-------+-------+-------++-------
Melee: Falchion          |    96 |   152 |    88 ||   336
       Tailslap          |    11 |    21 |    21 ||    53
       Great sword       |       |       |    97 ||    97
Invok: Berserk           |     2 |     3 |     3 ||     8
 Abil: Breathe Frost     |       |       |     1 ||     1
  Use: Scroll            |       |     1 |    13 ||    14
 Stab: Sleeping          |     1 |     1 |       ||     2
  Eat: Chunk             |     1 |     9 |    11 ||    21
       Ration            |       |     1 |       ||     1
Armor: Skin              |    27 |    62 |    65 ||   154
Dodge: Dodged            |    81 |    93 |   116 ||   290
       Rpst.: Falchion   |    28 |    29 |    14 ||    71
       Great sword       |       |       |    22 ||    22
